 Dungeon Crawl Stone Soup version 0.22-a0-609-gfedc9ff (webtiles) character file.

294 Treefire the Shooter (level 6, -12/51 HPs)
             Began as a Centaur Arcane Marksman on July 10, 2018.
             Killed by divine providence
             ... invoked by an orc priest
              (14 damage)
             ... on level 4 of the Dungeon.
             The game lasted 00:18:29 (6670 turns).

Treefire the Shooter (Centaur Arcane Marksman)      Turns: 6670, Time: 00:18:29

Health: -12/51     AC:  6    Str: 14    XL:     6   Next: 11%
Magic:  7/7        EV:  7    Int: 13    God:
Gold:   224        SH:  0    Dex:  9    Spells: 3/7 levels left

rFire    . . .     SeeInvis .   c - +2 dagger (venom)
rCold    . . .     Gourm    .   (no shield)
rNeg     . . .     Faith    .   x - +0 scale mail
rPois    .         Spirit   .   (no helmet)
rElec    .         Reflect  .   (no cloak)
rCorr    .         Harm     .   (no gloves)
MR       .....                  (no barding)
Stlth    ..........             (no amulet)
HPRegen  0.17/turn              (no ring)
MPRegen  0.10/turn              (no ring)

@: very quick
A: large, hooves 3, deformed body, speed 2, tough skin 3
a: no special abilities


You were on level 4 of the Dungeon.
You were not hungry.

You visited 1 branch of the dungeon, and saw 4 of its levels.

You collected 224 gold pieces.

Inventory:

Hand Weapons
 a - a +0 shortbow
 c - a +2 dagger of venom (weapon)
Missiles
 b - 79 stones (quivered)
 d - 119 arrows
 g - 21 poisoned needles
Armour
 e - a +0 robe
 n - a +0 chain mail
 x - a +0 scale mail (worn)
Jewellery
 j - a +2 ring of slaying {unknown}
 k - a +5 amulet of reflection {unknown}
 y - an uncursed ring of wizardry {unknown}
Scrolls
 h - 3 scrolls of enchant armour {unknown}
 i - 2 scrolls of fog {unknown}
 o - 2 scrolls of teleportation {unknown}
 p - 2 scrolls of remove curse {unknown}
 q - 2 scrolls of identify {unknown}
 v - a scroll of enchant weapon {unknown}
 w - a scroll of magic mapping {unknown}
Potions
 l - 2 potions of berserk rage {unknown}
 m - 2 potions of brilliance
 r - a potion of heal wounds {unknown}
 s - a potion of agility
 t - 2 potions of invisibility {unknown}
 u - a potion of magic {unknown}
 z - a potion of resistance {unknown}
Comestibles
 f - 8 rations
 A - 8 chunks of flesh


   Skills:
 + Level 3.2 Fighting
 + Level 7.4 Bows
 - Level 1.3 Dodging
 - Level 1.0 Spellcasting
 - Level 2.6 Hexes


You had 3 spell levels left.
You knew the following spells:

 Your Spells              Type           Power        Failure   Level  Hunger
a - Corona                Hex            #......      38%         1    ##.....
b - Portal Projectile     Hex/Tloc       #.....       91%         3    ####...

Your spell library contained the following spells:

 Spells                   Type           Power        Failure   Level  Hunger
 Cause Fear               Hex            #.........   99%         4    #####..
 Slow                     Hex            #.......     54%         2    ###....
 Leda's Liquefaction      Hex/Erth       #.........   100%        4    #####..
 Inner Flame              Hex/Fire       #.......     91%         3    ####...


Dungeon Overview and Level Annotations

Branches:
Dungeon (4/15)
 Temple: D:4-7

Altars:
Fedhas
Qazlal
The Shining One


Innate Abilities, Weirdness & Mutations

You have hooves in place of feet.
Armour fits poorly on your strangely shaped body.
You cover ground very quickly.
You have extremely tough skin. (AC +3)


Message History

The orc priest hits you with a dagger.
The orc priest drinks a potion.
The orc priest suddenly seems more agile.
The orc hits you but does no damage.
Unknown command.
You hit the orc.
The orc looks as sick as possible!
The orc is severely wounded.
The orc priest barely misses you. The orc completely misses you.
You hit the orc priest. You kick the orc priest.
The orc priest is severely wounded.
You kill the orc!
The orc priest hits you with a dagger.
The orc priest invokes the aid of Beogh against you.
Beogh smites you!
* * * LOW HITPOINT WARNING * * *
You hit the orc priest but do no damage.
Your kick misses the orc priest.
The orc priest is severely wounded.
The orc priest mumbles some strange prayers to Beogh against you.
Beogh smites you!
You die...

.####'####..# #.#
.#.......#..# #.#
.#...8...#..#
###.#
.#..#.#..#.##
#...#
.'.8.#.8.+.#
#(###
.#..#.#..#.# #o#
.#...8...#.# #(#
.#.......# #o####
.####'#### #o@..#
.# #..# ####.# .#
##.#
######.#########
.# #.#
................#
.# #.#
#######.....##.##
.# #.#
########.#...# .#
#.#
.........#.### .#
#.# ##########.#
.# #.#
#..........#


You could see 3 orc priests.

Vanquished Creatures
  2 orc priests (D:3)
  Terence (D:2)
  2 worker ants (D:4)
  3 gnolls (D:3)
  3 adders
  An ooze (D:2)
  An adder skeleton (D:2)
  4 dart slugs
  3 leopard geckos (D:3)
  5 orcs
  4 giant cockroaches
  7 goblins
  8 hobgoblins
  4 jackals
  10 kobolds
  3 quokkas
  2 ball pythons
  7 bats
  8 frilled lizards
  9 rats
87 creatures vanquished.

Vanquished Creatures (others)
  7 toadstools (D:1)
7 creatures vanquished.

Grand Total: 94 creatures vanquished

Notes
Turn   | Place    | Note
-------+----------+-------------------------------------------
     0 | D:1      | Treefire the Centaur Arcane Marksman began the quest for the Orb.
     0 | D:1      | Reached XP level 1. HP: 16/16 MP: 2/2
   290 | D:1      | Reached skill level 3 in Bows
   570 | D:1      | Reached XP level 2. HP: 5/23 MP: 3/3
   931 | D:1      | Reached skill level 4 in Bows
  1938 | D:2      | Reached XP level 3. HP: 16/28 MP: 4/4
  2110 | D:2      | Reached skill level 5 in Bows
  2386 | D:2      | Noticed Terence
  2515 | D:2      | Killed Terence
  2515 | D:2      | Reached XP level 4. HP: 33/35 MP: 5/5
  3133 | D:2      | Reached skill level 6 in Bows
  3592 | D:2      | Found a blossoming altar of Fedhas.
  3788 | D:3      | Learned a level 3 spell: Portal Projectile
  4681 | D:3      | Reached XP level 5. HP: 33/41 MP: 6/6
  5631 | D:3      | Reached skill level 7 in Bows
  6071 | D:3      | Found a glowing golden altar of the Shining One.
  6071 | D:3      | Found a stormy altar of Qazlal.
  6561 | D:4      | Reached XP level 6. HP: 47/51 MP: 7/7
  6669 | D:4      | HP: 2/51 [orc priest/divine providence (16)]
  6670 | D:4      | Killed from afar by an orc priest

Vault maps used:
D:1:      nagdon_arrival_double_spiral, st_stairs_11
D:2:      fedhas_altar_fruit_tree, uniq_terence
D:3:      gammafunk_temple_overflow_elements
D:4:      grunt_gozag_breadcrumbs, kennysheep_mini_moat, serial_shops, shop,
          serial_bayou_pond_c, kennysheep_generic_room_10

Skill      XL: |  1  2  3  4  5 |
---------------+----------------+-----
Bows           | 3 4 5 6 7 |  7.4
Fighting       | 2 3 |  3.2
Dodging        | |  1.3
Spellcasting   | |  1.0
Hexes          | |  2.6

Action                   |  1- 3 |  4- 6 || total
-------------------------+-------+-------++-------
Melee: Unarmed           |   134 |   139 ||   273
       Kick              |    22 |    36 ||    58
       Dagger            |       |    21 ||    21
 Fire: Shortbow          |    48 |   102 ||   150
Throw: Stone             |    78 |    25 ||   103
  Use: Potion            |       |     2 ||     2
  Eat: Chunk             |     4 |    11 ||    15
Armor: Robe              |    69 |    39 ||   108
       Scale mail        |       |    13 ||    13
Dodge: Dodged            |    92 |    78 ||   170

Table legend:
 A = Spawn XP
 B = Non-spawn XP
 C = Spawn XP percentage of total XP
 D = Spawn monster count
 E = Non-spawn monster count
 F = Spawn count percentage of total count
 G = Total turns spent on level
                    A         B        C        D         E        F      G
               +---------+---------+-------+---------+---------+-------+---------
         Total |       0 |     420 |   0.0 |       0 |      87 |   0.0 |  6670
               +---------+---------+-------+---------+---------+-------+---------
           D:1 |       0 |      39 |   0.0 |       0 |      24 |   0.0 |  1930
           D:2 |       0 |     101 |   0.0 |       0 |      27 |   0.0 |  2052
           D:3 |       0 |     198 |   0.0 |       0 |      27 |   0.0 |  2134
           D:4 |       0 |      82 |   0.0 |       0 |       9 |   0.0 |   554
               +---------+---------+-------+---------+---------+-------+---------
